 Dungeon Crawl Stone Soup version 0.19.1 (webtiles) character file.

326 ImaNewbie the Carver (level 6, -3/50 HPs)
             Began as a Minotaur Gladiator on Dec 26, 2016.
             Slain by a scorpion (5 damage)
             ... on level 4 of the Dungeon.
             The game lasted 00:04:21 (3530 turns).

ImaNewbie the Carver (Minotaur Gladiator)           Turns: 3530, Time: 00:04:22

Health: -3/50      AC:  7    Str: 22    XL:     6   Next: 24%
Magic:  5/5        EV: 16    Int:  7    God:
Gold:   136        SH:  0    Dex: 15    Spells: 0 memorised, 5 levels left

rFire  . . .     SeeInvis .     a - +1 long sword
rCold  . . .     Gourm    .     x - +0 scale mail
rNeg   . . .     Faith    .     (no shield)
rPois  .         Spirit   .     c - +1 hat
rElec  .         Reflect  .     (no cloak)
rCorr  .         Harm     .     (no gloves)
MR     .....     Rnd*Tele +     (no boots)
Stlth  +.........               (no amulet)
                                (no ring)
                                p - ring of teleportation (curse)

@: agile
A: retaliatory headbutt, horns 2, clever 1, mutation resistance 1
a: no special abilities


You were on level 4 of the Dungeon.
You were not hungry.

You visited 1 branch of the dungeon, and saw 4 of its levels.

You collected 136 gold pieces.

Inventory:

Hand Weapons
 a - a +1 long sword (weapon)
Missiles
 d - 3 throwing nets (quivered)
 s - 11 poisoned needles
Armour
 c - a +1 hat (worn)
 x - a +0 scale mail (worn)
Jewellery
 p - a cursed ring of teleportation (left hand)
Wands
 h - a wand of digging (9/24)
Scrolls
 j - 2 scrolls of teleportation
 r - 6 scrolls of identify
 t - 2 scrolls of amnesia {unknown}
 v - 3 scrolls of remove curse {unknown}
 w - a scroll of random uselessness {unknown}
Comestibles
 f - 2 bread rations
 l - a fruit
 m - a royal jelly
 o - a beef jerky
 u - a meat ration


   Skills:
 - Level 2.4 Fighting
 + Level 8.5 Long Blades
 - Level 2.0 Throwing
 - Level 3.2 Dodging


You had 5 spell levels left.
You didn't know any spells.

Dungeon Overview and Level Annotations

Branches:
Dungeon (4/15)
 Temple: D:4-7

Altars:


Innate Abilities, Weirdness & Mutations

You reflexively headbutt those who attack you in melee.
You have a pair of horns on your head.
Your mind is acute. (Int +2)
You are somewhat resistant to further mutation.


Message History

* * * LOW HITPOINT WARNING * * *
You barely miss the scorpion. You headbutt the scorpion.
You kill the scorpion!
You feel sick.
You feel sick.
You see here a scorpion corpse.
You start resting.
You feel sick. x13
You are no longer poisoned.
You start resting.
You are suddenly yanked towards a nearby monster!
Your surroundings suddenly seem different.
The scorpion stings you.
* * * LOW HITPOINT WARNING * * *
A scorpion comes into view.
You feel agile all of a sudden.
The scorpion stings you but does no damage.
You hit the scorpion. Your headbutt misses the scorpion.
The scorpion is lightly wounded.
The scorpion stings you.
You die...

#...#
#@..#
#..s##
#.###
.. .#.
..##
.. ##.


You could see a scorpion.

Vanquished Creatures
  An ogre (D:3)
  A scorpion (D:4)
  A crimson imp (D:4)
  Robin (D:2)
  A gnoll (D:1)
  4 adders
  6 worms
  A dart slug (D:3)
  6 leopard geckos
  3 bats
  2 giant cockroaches
  11 hobgoblins
  7 jackals
  11 kobolds
  5 frilled lizards
  14 goblins
  6 rats
81 creatures vanquished.

Notes
Turn   | Place    | Note
-------+----------+-------------------------------------------
     0 | D:1      | ImaNewbie the Minotaur Gladiator began the quest for the Orb.
     0 | D:1      | Reached XP level 1. HP: 18/18 MP: 0/0
     8 | D:1      | Reached skill level 4 in Long Blades
   207 | D:1      | Reached XP level 2. HP: 25/25 MP: 1/1
   576 | D:1      | You fall through a shaft!
   678 | D:2      | Reached skill level 5 in Long Blades
   678 | D:2      | Reached XP level 3. HP: 30/30 MP: 2/2
  1275 | D:2      | Noticed Robin
  1490 | D:2      | Reached XP level 4. HP: 35/37 MP: 3/3
  1494 | D:2      | Killed Robin
  1494 | D:2      | Reached skill level 6 in Long Blades
  2380 | D:3      | Noticed an ogre
  2384 | D:3      | Killed an ogre
  2384 | D:3      | Reached skill level 7 in Long Blades
  2384 | D:3      | Reached XP level 5. HP: 42/42 MP: 4/4
  3467 | D:4      | Reached skill level 8 in Long Blades
  3467 | D:4      | Reached XP level 6. HP: 50/50 MP: 5/5
  3471 | D:4      | Gained mutation: You are somewhat resistant to further mutation. [potion of mutation]
  3472 | D:4      | Gained mutation: Your mind is acute. (Int +2) [potion of mutation]
  3528 | D:4      | HP: 2/50 [scorpion (3)]
  3530 | D:4      | Slain by a scorpion

Skill      XL: |  1  2  3  4  5 |
---------------+----------------+-----
Long Blades    | 4 5 7 8 |  8.5
Fighting       | |  2.4
Throwing       | |  2.0
Dodging        | |  3.2

Action                   |  1- 3 |  4- 6 || total
-------------------------+-------+-------++-------
Melee: Long sword        |    85 |    81 ||   166
       Headbutt          |    10 |    17 ||    27
  Use: Scroll            |       |     5 ||     5
       Potion            |       |     3 ||     3
  Eat: Chunk             |     2 |     6 ||     8
Armor: Leather armour    |     4 |       ||     4
       Ring mail         |    16 |     8 ||    24
       Scale mail        |       |     9 ||     9
Dodge: Dodged            |    66 |    55 ||   121
       Rpst.: Long sword |    16 |    21 ||    37
